 Dungeon Crawl Stone Soup version 0.28-a0-595-g9f6c0e134a (webtiles) character file.

Game seed: 3127878481588942208

4555 iamoutofideas the Severer (level 10, -6/93 HPs)
             Began as a Hill Orc Berserker on Oct 4, 2021.
             Was an Elder of Trog.
             Mangled by a skeletal warrior (7 damage)
             ... on level 8 of the Dungeon.
             The game lasted 00:14:29 (9122 turns).

iamoutofideas the Severer (Hill Orc Berserker)      Turns: 9122, Time: 00:14:29

Health: -6/93      AC:  9    Str: 24      XL:     10   Next: 40%
Magic:  10/10      EV: 11    Int:  4 (7)  God:    Trog [****..]
Gold:   149        SH:  0    Dex: 12      Spells: 9/9 levels left

rFire   . . .      SeeInvis .   j - +1 war axe (flame)
rCold   . . .      Faith    .   (no shield)
rNeg    . . .      Spirit   .   c - +0 ring mail
rPois   .          Reflect  .   w - +0 helmet
rElec   .          Harm     .   o - +0 cloak
rCorr   .          Rampage  .   (no gloves)
Will    ++...                   n - +0 pair of boots
Stlth   +.........              G - amulet of regeneration
HPRegen 2.25/turn               s - +4 ring of slaying
MPRegen 0.12/turn               (no ring)

@: about to teleport, strong-willed, regenerating, slowed, studying Fighting,
very slow
A: talons 1, agile 1, deterioration 1
a: Renounce Religion, Berserk, Trog's Hand, Brothers in Arms


You were on level 8 of the Dungeon.
You worshipped Trog.
Trog was greatly pleased with you.
You visited 2 branches of the dungeon, and saw 9 of its levels.

You collected 446 gold pieces.
You spent 297 gold pieces at shops.

Inventory:

Hand Weapons
 a - a +1 hand axe
 j - a +1 war axe of flaming (weapon)
Missiles
 d - a throwing net (quivered)
Armour
 b - a +0 animal skin
 c - a +0 ring mail (worn)
 f - a +0 buckler
 n - a +0 pair of boots (worn)
 o - a +0 cloak (worn)
 w - a +0 helmet (worn)
Jewellery
 k - a ring of ice
 s - a +4 ring of slaying (left hand)
 G - an amulet of regeneration (around neck)
Wands
 r - a wand of digging (8)
 F - a wand of polymorph (5)
Scrolls
 i - 4 scrolls of immolation
 l - 3 scrolls of vulnerability
 m - 3 scrolls of enchant weapon
 u - a scroll of enchant armour
 z - a scroll of amnesia {unknown}
Potions
 e - 2 potions of ambrosia
 g - a potion of haste
 h - 2 potions of flight
 q - a potion of mutation
 t - a potion of curing
 x - a potion of magic
 A - a potion of degeneration {unknown}
 C - 2 potions of lignification
 D - 2 potions of resistance
 E - a potion of brilliance {unknown}


   Skills:
 + Level 10.1 Fighting
 + Level 16.2 Axes
 + Level 3.7 Armour
 + Level 2.2 Dodging
 - Level 0.3 Stealth


You had 9 spell levels left.
You didn't know any spells.
Your spell library was empty.

Dungeon Overview and Level Annotations

Branches:
Dungeon (8/15)             Temple (1/1) D:5
   Lair: D:8-11

Altars:
Cheibriados
Dithmenos
Elyvilon
Fedhas
Gozag
Kikubaaqudgha
Makhleb
Nemelex Xobeh
Okawaru
Ru
Sif Muna
Trog
Uskayaw
Vehumet
Wu Jian
Xom
Yredelemnul
The Shining One
Jiyva

Shops:
D:2 !*(   D:5 *   D:6 !(*

Annotations:
D:7 exclusion: downstairs


Innate Abilities, Weirdness & Mutations

You have sharp toenails.
You are agile. (Dex +2)
Your body sometimes deteriorates upon taking damage.


Message History

The water moccasin bites you but does no damage.
The troll bites you!
Your body deteriorates!
You feel dopey. The troll claws you. x2
Unknown command.
Okay, then.
As you read the scroll of teleportation, it crumbles to dust.
You feel strangely unstable. The water moccasin bites you.
The water moccasin bites you but does no damage.
Something hits you but does no damage. The troll misses you. x2
The troll closely misses you.
The skeletal warrior hits you with a +3 flail of pain!
You writhe in agony.
The water moccasin bites you.
You slash the skeletal warrior!
The skeletal warrior is lightly damaged.
You miss something. You slash the troll! You burn the troll.
You hit the water moccasin. You burn the water moccasin.
Something hits you but does no damage. The troll bites you!
* * * LOW HITPOINT WARNING * * *
The troll closely misses you. The troll claws you!
* * * LOW HITPOINT WARNING * * *
The water moccasin bites you.
* * * LOW HITPOINT WARNING * * *
You are poisoned.
The water moccasin poisons you!
The skeletal warrior hits you with a +3 flail of pain!
* * * LOW HITPOINT WARNING * * *
You writhe in agony.
* * * LOW HITPOINT WARNING * * *
Okay, then.
You feel better.
The water moccasin bites you but does no damage.
Something hits you but does no damage. The troll bites you.
* * * LOW HITPOINT WARNING * * *
The troll claws you.
* * * LOW HITPOINT WARNING * * *
The troll claws you.
* * * LOW HITPOINT WARNING * * *
The skeletal warrior hits you with a +3 flail of pain!
You die...

***,,,,**,,##..#*..#......,,,*,,
**,,.#.*##**#[#.#*....._...,,,*,*
*,,,...##.###.#.###......#.**,*,,
***,.......<)(...#.........,*,***
**#......[.......|.......**,,,,
###....................,,,,,*
#/##......).........##***,*,
###.#......)Sz......>..#***,,,
#..........KT@{.........,,,,,,
*##.....###.#####.#####.***,,,
###...#...#,*,,○#**,,,,,*,,,
####...#.#.#,*,*.F**,*,*,*,,,
#........#(#,,,,#.T,,*,*,,,,,
****#..###.#.###,**,,#c#,*,*,*,,,
*,,*#...##.#...,,***,,c#,,,,,*,,,
.......KY..#*#.#****,*****,***,,,
##.#..#....#,,...*,,,,,*,,,,**,,,


You could see a skeletal warrior, a troll, a water moccasin and a kobold
brigand.

Vanquished Creatures
  A komodo dragon (D:8)
  Grinder (D:3)
  Sigmund (D:6)
  A vampire mosquito (D:8)
  Menkaure (D:5)
  3 water moccasins
  2 sky beasts (D:7)
  4 ice beasts
  A necrophage (D:6)
  An orc warrior (D:7)
  2 black bears (D:6)
  3 ogres
  3 centaurs
  2 phantoms
  Blork the orc (D:4)
  2 kobold brigands
  2 scorpions
  2 bullfrogs (D:8)
  A water moccasin zombie (D:6)
  2 wights (D:8)
  A centaur zombie (D:7)
  2 howler monkeys
  A bullfrog zombie (D:7)
  3 bullfrog skeletons
  3 hounds
  3 gnoll shamans
  5 orc priests
  A centaur skeleton (D:5)
  3 orc wizards
  6 iguanas
  A killer bee zombie (D:6)
  A hound skeleton (D:5)
  19 gnolls
  A howler monkey skeleton (D:7)
  7 adders
  A shadow imp (D:5)
  3 white imps
  3 ufetubi
  An adder skeleton (D:4)
  3 worms
  5 dart slugs
  24 orcs
  3 bats
  4 endoplasms
  8 giant cockroaches
  9 goblins
  8 hobgoblins
  5 jackals
  8 kobolds
  3 quokkas
  6 ball pythons
  2 frilled lizards
  A quokka zombie (D:3)
  7 rats
197 creatures vanquished.

Vanquished Creatures (others)
  An orc (D:8)
  4 plants
5 creatures vanquished.

Grand Total: 202 creatures vanquished

Notes
Turn   | Place    | Note
-------+----------+-------------------------------------------
     0 | D:1      | iamoutofideas the Hill Orc Berserker began the quest for
                  | the Orb.
     0 | D:1      | Reached XP level 1. HP: 19/19 MP: 1/1
   188 | D:1      | Reached XP level 2. HP: 27/27 MP: 2/2
   770 | D:1      | Reached XP level 3. HP: 25/33 MP: 3/3
  1211 | D:1      | Found a faded altar of an unknown god.
  1534 | D:2      | Reached skill level 5 in Axes
  1535 | D:2      | Reached XP level 4. HP: 32/41 MP: 4/4
  1536 | D:2      | Reached ** piety under Trog
  1702 | D:2      | Found Toegios's Assorted Antiques.
  1946 | D:2      | Reached XP level 5. HP: 47/47 MP: 5/5
  2013 | D:2      | Reached skill level 6 in Axes
  2454 | D:2      | Found Xitwiutz's Distillery.
  2551 | D:2      | Found Nuoch's Antique Weapon Shop.
  2909 | D:3      | Noticed Grinder
  2920 | D:3      | Killed Grinder
  2921 | D:3      | Reached skill level 8 in Axes
  2921 | D:3      | Reached XP level 6. HP: 55/55 MP: 6/6
  3292 | D:3      | Reached skill level 5 in Fighting
  3292 | D:3      | Reached XP level 7. HP: 61/61 MP: 7/7
  3443 | D:3      | Found an ancient bone altar of Kikubaaqudgha.
  3444 | D:3      | Found a hide-covered altar of Uskayaw.
  3444 | D:3      | Found a white marble altar of Elyvilon.
  3949 | D:4      | Gained mutation: Your body sometimes deteriorates upon
                  | taking damage. [potion of mutation]
  3949 | D:4      | Gained mutation: You have sharp toenails. [potion of
                  | mutation]
  3949 | D:4      | Gained mutation: You are agile. (Dex +2) [potion of
                  | mutation]
  3955 | D:4      | Reached skill level 9 in Axes
  4204 | D:4      | Reached skill level 10 in Axes
  4500 | D:4      | Reached *** piety under Trog
  4655 | D:4      | Reached XP level 8. HP: 26/69 MP: 8/8
  5192 | D:4      | Reached skill level 11 in Axes
  5228 | D:4      | Noticed Blork the orc
  5236 | D:4      | Killed Blork the orc
  5511 | D:5      | Entered Level 5 of the Dungeon
  5516 | D:5      | Found an ornate altar of the Wu Jian Council.
  5592 | D:5      | Reached skill level 12 in Axes
  5595 | D:5      | Found Qycleem's Gadget Gallery.
  5673 | D:5      | Noticed Menkaure
  5681 | D:5      | Killed Menkaure
  5833 | D:5      | Reached skill level 13 in Axes
  5898 | D:5      | Reached XP level 9. HP: 48/78 MP: 9/9
  6339 | D:5      | Found a staircase to the Ecumenical Temple.
  6469 | D:5      | Found a shadowy altar of Dithmenos.
  6766 | Temple   | Entered the Ecumenical Temple
  6930 | D:6      | Found Fycuatse's Assorted Antiques.
  6975 | D:6      | Found Bevi's Weapon Shoppe.
  6997 | D:6      | Reached **** piety under Trog
  6999 | D:6      | Reached skill level 14 in Axes
  7010 | D:6      | Found Rohuxt's Distillery.
  7054 | D:6      | Found a burning altar of Makhleb.
  7056 | D:6      | Bought a potion of curing for 33 gold pieces
  7056 | D:6      | Bought a potion of lignification for 33 gold pieces
  7056 | D:6      | Bought a potion of lignification for 33 gold pieces
  7056 | D:6      | Bought a potion of ambrosia for 88 gold pieces
  7056 | D:6      | Bought a potion of resistance for 110 gold pieces
  7434 | D:6      | Noticed Sigmund
  7444 | D:6      | Killed Sigmund
  7445 | D:6      | Reached skill level 15 in Axes
  7603 | D:7      | Found a shimmering altar of Xom.
  8226 | D:7      | Reached XP level 10. HP: 90/90 MP: 10/10
  8451 | D:7      | Found a blossoming altar of Fedhas.
  8459 | D:7      | Reached skill level 16 in Axes
  8954 | D:8      | Identified a scroll of acquirement
  8954 | D:8      | Acquired a manual of Fighting
  8984 | D:8      | Found a snail-covered altar of Cheibriados.
  8988 | D:8      | Identified the +11 shortbow of Conscience {vorpal, rPois
                  | rN+ Str+3 Dex-2}
  8988 | D:8      | Noticed a centaur warrior
  8990 | D:8      | Identified the +5 dire flail "Idempum" {freeze, rElec Int+5
                  | Dex+7}
  8990 | D:8      | Noticed a centaur warrior
  9096 | D:8      | Reached ***** piety under Trog
  9111 | D:8      | Reached skill level 10 in Fighting
  9116 | D:8      | Noticed a skeletal warrior
  9121 | D:8      | HP: 2/93 [skeletal warrior (7)]
  9122 | D:8      | Mangled by a skeletal warrior

Illustrated notes

Levels and vault maps discovered:
D:1:      mrwooster_arrival_arrow, layout_basic, ebering_ecumenical_altar_hall,
          chequers_big_river
D:2:      layout_basic, serial_shops, nicolae_shop_overgrown_old_shop, shop,
          shop
D:3:      layout_loops_cross, gammafunk_temple_overflow_forgotten,
          minmay_divided_ellipse, uniq_grinder
D:4:      layout_rooms, minmay_puff, uniq_blork_the_orc
D:5:      wad_river_or_something, layout_basic,
          nicolae_dithmenos_through_a_glass_darkly, lemuel_doored_altar,
          minmay_temple_entry_statues, nicolae_shop_gadgets, uniq_menkaure
D:6:      layout_cave_pools, serial_shops, shop, nicolae_diamond_shop,
          nicolae_stop_n_shop_1, minmay_ruined_shrine, uniq_sigmund
D:7:      layout_basic, mainiacjoe_overflow_paths, fedhas_bush_and_centaur_altar
D:8:      minmay_the_grid_square_5x5_3x3 [minmay_the_grid_square_5x5_eight,
          minmay_the_grid_square_5x5_hollow_slash,
          minmay_the_grid_square_5x5_spiral,
          minmay_the_grid_square_5x5_beaten_path,
          minmay_the_grid_square_5x5_megaprize_open,
          minmay_the_grid_square_5x5_pentomino_r,
          minmay_the_grid_square_5x5_percent,
          minmay_the_grid_square_5x5_n_small, minmay_the_grid_square_5x5_inset],
          layout_cave_pools, cheibriados_altar_1, zin_scriptorium,
          enter_bailey_2, minivault_27
Temple:   pf_slime_end_temple

Skill      XL: |  1  2  3  4  5  6  7  8  9 10 |
---------------+-------------------------------+-----
Fighting       | 4 5 6 8 10 | 10.1
Axes           | 5 8 10 13 15 16 | 16.2
Armour         | 3 |  3.7
Dodging        | 2 |  2.2
Stealth        | |  0.3

Action                   |  1- 3 |  4- 6 |  7- 9 | 10-12 || total
-------------------------+-------+-------+-------+-------++-------
Melee: Hand axe          |    65 |   114 |   350 |    49 ||   578
       Unarmed           |       |       |     3 |       ||     3
       War axe           |       |       |       |    21 ||    21
Invok: Berserk           |     1 |     3 |     9 |     1 ||    14
       Trog's Hand       |       |       |     2 |     1 ||     3
  Use: Scroll            |       |     6 |     6 |    11 ||    23
       Potion            |       |       |     4 |     3 ||     7
Armor: Ring mail         |    27 |    43 |   106 |    35 ||   211
       Animal skin       |     1 |       |       |       ||     1
       Skin              |       |       |    10 |       ||    10
Dodge: Dodged            |    31 |    70 |   221 |    54 ||   376

Table legend: (Time is in decaauts)
 A = Elapsed time spent in this place.
 B = Non-inter-level travel time spent in this place.
 C = Inter-level travel time spent in this place.
 D = Time resting spent in this place.
 E = Time spent auto-exploring this place.
 F = Levels seen in this place.
 G = Mean time per level.
                   A        B        C        D        E       F      G
               +--------+--------+--------+--------+--------+-----+--------+
         Total |   9130 |   8728 |    402 |   1566 |   5623 |   9 | 1014.4 |
       Dungeon |   8974 |   8596 |    378 |   1566 |   5503 |   8 | 1121.8 |
        Temple |    155 |    131 |     24 |      0 |    120 |   1 |  155.0 |
               +--------+--------+--------+--------+--------+-----+--------+

Top non-repeatable levels by time:
     D:1: 1714 daAuts
     D:4: 1611 daAuts
     D:5: 1258 daAuts
     D:7: 1244 daAuts
     D:3: 1210 daAuts
     D:2: 1014 daAuts
     D:6: 806 daAuts
  Temple: 155 daAuts
     D:8: 114 daAuts
